 Dungeon Crawl Stone Soup version 0.30-a0-847-g17996783a1 (webtiles) character file.

Game seed: 12632209576467331846

178 KennySheep the Sneak (level 5, 0/109 HPs)
             Began as an Armataur Monk on Mar 3, 2023.
             Succumbed to a scorpion's poison
             ... on level 4 of the Dungeon.
             The game lasted 00:04:07 (2312 turns).

KennySheep the Sneak (Armataur Monk)                Turns: 2312, Time: 00:04:08

Health: 0/109      AC: 22    Str: 19 (23) XL:     5   Next: 32%
Magic:  5/5        EV:  1    Int:  8 (10) God:
Gold:   223        SH:  0    Dex: 13 (14) Spells: 4/4 levels left

rFire   . . .      SeeInvis .    a - +0 short sword
rCold   . . .      Faith    .    (no shield)
rNeg    . . .      Spirit   .    b - melded +0 robe
rPois   +          Reflect  .    g - melded +0 helmet
rElec   .          Roll     +    (cloak currently unavailable)
rCorr   .          NoTele   +    (gloves currently unavailable)
Will    .....                    (no barding) Stlth
                                 (no amulet)
HPRegen 0.38/turn                w - +6 ring of strength
MPRegen 0.09/turn                (no ring)

@: berserking (expiring), lethally poisoned (0 -> -1), tree-form, hasted, very
quick
A: stationary, stasis, torment immunity, boosted hp, large, rugged brown scales
3, (deformed body), (armoured tail), roll, long tongue, awkward tongue
a: no special abilities


You were on level 4 of the Dungeon.
You were a tree.
You visited 1 branch of the dungeon, and saw 4 of its levels.

You collected 223 gold pieces.

Inventory:

Hand Weapons
 a - a +0 short sword (weapon)
Missiles
 x - 6 curare-tipped darts (quivered)
Armour
 b - a +0 robe (melded)
 g - a +0 helmet (melded)
Jewellery
 w - a +6 ring of strength (left branch)
Scrolls
 d - a scroll of fear
 e - a scroll of noise
 h - a scroll of enchant armour {unknown}
 j - a scroll of vulnerability
 n - a scroll of identify {unknown}
 o - 2 scrolls of silence {unknown}
 q - 2 scrolls of teleportation
 r - 2 scrolls of blinking
 y - a scroll of amnesia {unknown}
Potions
 c - a potion of ambrosia
 l - 2 potions of magic
 p - a potion of attraction {unknown}
 s - a potion of might
 t - a potion of brilliance {unknown}
 u - a potion of degeneration
 v - a potion of mutation {unknown}


   Skills:
 + Level 3.8 Fighting
 + Level 3.9 Short Blades
 - Level 2.1 Dodging
 + Level 4.1 Stealth


You had 4 spell levels left.
You didn't know any spells.
Your spell library contained the following spells:

 Spells                   Type           Power      Damage    Failure   Level
 Sandblast                Erth           0%         2d4       41%         1
 Passwall                 Tmut/Erth      0%         N/A       54%         2
 Stone Arrow              Conj/Erth      0%         3d7       78%         3


Dungeon Overview and Level Annotations

Branches:
Dungeon (4/15)
 Temple: D:4-7

Altars:

Shops:
D:2 (


Innate Abilities, Weirdness & Mutations

You are a tree.
Your roots penetrate the ground, keeping you stationary.
You cannot be teleported.
You are immune to unholy pain and torment.
Your maximum health is greatly increased.
Your equipment is partially melded.
(You are completely covered in rugged brown scales. (AC +3, +7% HP))
((Armour fits poorly on your strangely shaped body.))
((You have a long armoured tail.))
You roll when moving toward enemies. (Rampage)
Your long tongue fully drains potion bottles. (2x potion effects)
Your tongue gives you trouble enunciating. (1.5x scroll delay)


Message History

* * * LOW HITPOINT WARNING * * *
You feel sick.
The scorpion stings you but does no damage.
You slurp down every last drop of the fuming sapphire potion!
It was a potion of berserk rage.
A red film seems to cover your vision as you go berserk!
You feel yourself moving faster!
You feel mighty!
* * * LOW HITPOINT WARNING * * *
You feel sick.
The scorpion stings you but does no damage.
You are too berserk!
You hit the scorpion but do no damage.
The scorpion is almost dead.
* * * LOW HITPOINT WARNING * * *
You feel sick.
You puncture the scorpion!
You kill the scorpion!
You feel your intelligence returning.
You feel your dexterity returning.
Your Stealth skill increases to level 4!
You have reached level 5!
You puncture the hound!
The hound is severely wounded.
* * * LOW HITPOINT WARNING * * *
You feel sick. The hound bites you but does no damage.
You barely miss the hound.
The hound is severely wounded.
* * * LOW HITPOINT WARNING * * *
You feel sick. The hound bites you but does no damage.
You puncture the hound!
You kill the hound!
The dart slug launches a dart at you.
The slug dart hits you but does no damage.
You cannot move.
* * * LOW HITPOINT WARNING * * *
You feel sick.
You feel a strong urge to attack something.
* * * LOW HITPOINT WARNING * * *
You feel sick.
You feel your anger nearly subside.
You die...

......#.....#
##.#.....#... ##.♣.
..........# #...
.#.#......# ....
##.#...#..### #..
#.#...#..... .....
#.#.$.#!.### #.#..
#.#...#..#### #.#.#
..#.........# #♣#.#
.#.#.........# #w#.#
...##........###.#.#
.###..............#
. #.....~~.~~#...#
#. #....≈≈≈≈≈≈~...#
....~~≈≈≈#≈#~≈~...
#..#~~≈≈~~..~~~≈~..#
....≈≈≈≈~..[~≈~≈≈.##


You could see a dart slug.

Vanquished Creatures
  A scorpion (D:4)
  A hound (D:4)
  An adder (D:2)
  A worm (D:3)
  5 dart slugs
  4 orcs (D:3)
  5 ball pythons
  3 endoplasms
  2 giant cockroaches
  6 hobgoblins
  8 jackals
  3 kobolds
  A quokka (D:1)
  9 bats
  A frilled lizard (D:3)
  4 goblins
  6 rats
61 creatures vanquished.

Notes
Turn   | Place    | Note
-------+----------+-------------------------------------------
     0 | D:1      | KennySheep the Armataur Monk began the quest for the Orb.
     0 | D:1      | Reached XP level 1. HP: 19/19 MP: 1/1
   103 | D:1      | Reached XP level 2. HP: 26/26 MP: 2/2
   840 | D:2      | Reached skill level 3 in Stealth
   840 | D:2      | Reached XP level 3. HP: 19/33 MP: 3/3
   936 | D:2      | Found Sumn's Antique Weapon Shoppe.
  1646 | D:3      | Reached XP level 4. HP: 40/40 MP: 4/4
  2140 | D:4      | Noticed a scorpion
  2301 | D:4      | HP: 2/40 [poisoned by a scorpion]
  2305 | D:4      | Killed a scorpion
  2306 | D:4      | Reached skill level 4 in Stealth
  2306 | D:4      | Reached XP level 5. HP: 4/49 MP: 5/5
  2306 | D:4      | HP: 3/109 [poisoned by a scorpion]
  2310 | D:4      | HP: 1/109 [poisoned by a scorpion]
  2312 | D:4      | Succumbed to a scorpion's poison

Illustrated notes

Levels and vault maps discovered:
D:1:      psy_arrival_spokes, layout_loops_ring
D:2:      layout_rooms, serial_shops, shop_statue
D:3:      layout_rooms, minmay_increasing_density
D:4:      kennysheep_slugbush, layout_loops_ring, serial_shops,
          nicolae_shop_behind_doors, serial_forest,
          infiniplex_forest_straight_2, infiniplex_forest_clump_small,
          infiniplex_forest_pool, infiniplex_forest_3_way,
          infiniplex_forest_lined_3, infiniplex_forest_lined_2,
          infiniplex_forest_join, infiniplex_forest_lined_room_3,
          infiniplex_forest_lined_3_way

Skill      XL: |  1  2  3  4 |
---------------+-------------+-----
Fighting       | 3 |  3.8
Short Blades   | 3 |  3.9
Stealth        | 3 4 |  4.1
Dodging        | |  2.1

Action                     |  1- 3 |  4- 6 || total
---------------------------+-------+-------++-------
  Melee: Short sword       |   186 |    76 ||   262
         Tailslap          |    21 |    12 ||    33
         Punch             |     4 |     3 ||     7
    Use: Scroll            |     4 |     1 ||     5
         Potion            |       |     6 ||     6
   Stab: Sleeping          |     9 |     1 ||    10
 Armour: Robe              |    89 |    21 ||   110
         Skin              |       |     5 ||     5
  Dodge: Dodged            |   108 |    35 ||   143

Table legend: (Time is in decaauts)
 A = Elapsed time spent in this place.
 B = Non-inter-level travel time spent in this place.
 C = Inter-level travel time spent in this place.
 D = Time resting spent in this place.
 E = Time spent auto-exploring this place.
 F = Levels seen in this place.
 G = Mean time per level.
                   A        B        C        D        E       F      G
               +--------+--------+--------+--------+--------+-----+--------+
         Total |   2268 |   2176 |     92 |      0 |   1712 |   4 |  567.0 |
       Dungeon |   2268 |   2176 |     92 |      0 |   1712 |   4 |  567.0 |
               +--------+--------+--------+--------+--------+-----+--------+

Top non-repeatable levels by time:
     D:1: 795 daAuts
     D:3: 730 daAuts
     D:2: 603 daAuts
     D:4: 140 daAuts
